 Dungeon Crawl Stone Soup version 0.30.0-5-g1a98f26d00 (webtiles) character file.

Game seed: 9539093963419139238

66194 browni3141 the Bludgeoner (level 15, -3/115 HPs)
             Began as a Formicid Ice Elementalist on May 12, 2023.
             Was a Priest of Qazlal.
             Slain by a skeletal warrior
             ... wielding a +0 flail
              (24 damage)
             ... on level 12 of the Dungeon.
             The game lasted 01:02:10 (23760 turns).

browni3141 the Bludgeoner (FoIE)                   Turns: 23760, Time: 01:02:10

Health: -3/115     AC: 16    Str: 12    XL:     15   Next: 61%
Magic:  21/23      EV:  9    Int: 20    God:    Qazlal [***...]
Gold:   706        SH: 11    Dex: 22    Spells: 13/20 levels left

rFire   + . .        b - +6 whip of Temperance {speed, rC+}
rCold   + . .        e - +0 buckler
rNeg    . . .        D - +6 scale mail of Resourcefulness {Str+2 SInv}
rPois   .            (helmet unavailable)
rElec   .            A - +0 cloak
rCorr   +            f - +0 pair of gloves
SInv    +            (no boots)
Will    +....        G - amulet "Puitteucw" {+Inv Regen+ rCorr Str-3} Stlth
                     y - +6 ring of dexterity
HPRegen 1.19/turn    z - ring of protection from fire
MPRegen 0.18/turn

%: no passive effects
@: unable to read
A: permanent stasis, dig shafts and tunnels, antennae 3, inability to read after
injury 2, no stealth, inability to use devices, no air magic, no hexes magic, no
necromancy magic, unskilled 1, four strong arms
a: Dig, Shaft Self, Renounce Religion, Upheaval, Elemental Force


You were on level 12 of the Dungeon.
You worshipped Qazlal.
Qazlal was most pleased with you.
You visited 3 branches of the dungeon, and saw 21 of its levels.
You also visited: Sewer.

You collected 988 gold pieces.
You spent 282 gold pieces at shops.

Inventory:

Hand Weapons
 a - the +6 shortbow "Mymaril" {drain, rC+ Will+ Dex+2}
   (You bought it in a shop on level 12 of the Dungeon)

   Dex:       It affects your dexterity (+2).
   rC:        It protects you from cold.
   Will:      It increases your willpower.
 b - the +6 whip of Temperance (weapon) {speed, rC+}
   (You found it on level 2 of the Dungeon)

   rC:        It protects you from cold.
Missiles
 q - a silver boomerang (quivered)
 J - 44 poisoned darts
 T - 9 boomerangs
 V - a curare-tipped dart
 W - 8 atropa-tipped darts
 Z - 2 throwing nets
Armour
 e - a +0 buckler (worn)
 f - a +0 pair of gloves (worn)
 n - a scarf of harm
 A - a +0 cloak (worn)
 D - the +6 scale mail of Resourcefulness (worn) {Str+2 SInv}
   (You found it on level 7 of the Dungeon)

   Str:       It affects your strength (+2).
   SInv:      It lets you see invisible.
Jewellery
 g - an amulet of faith
 i - a ring of protection from cold
 j - a ring of wizardry
 k - a ring of protection from cold
 p - a ring of positive energy
 x - a ring of protection from cold
 y - a +6 ring of dexterity (left hand)
 z - a ring of protection from fire (right hand)
 G - the amulet "Puitteucw" (around neck) {+Inv Regen+ rCorr Str-3}
   (You found it on level 5 of the Lair of Beasts)

   [amulet of regeneration]

   Str:       It affects your strength (-3).
   +Inv:      It lets you turn invisible.
   Regen:     It increases your rate of health regeneration.
   rCorr:     It protects you from acid and corrosion.
 R - an amulet of regeneration
Scrolls
 l - 8 scrolls of vulnerability
 o - 2 scrolls of fear
 t - a scroll of silence
 u - 4 scrolls of poison
 v - 3 scrolls of enchant weapon
 w - 3 scrolls of amnesia
 H - a scroll of brand weapon {unknown}
 I - 2 scrolls of fog
 K - 4 scrolls of magic mapping {unknown}
 N - 7 scrolls of enchant armour {unknown}
 P - 15 scrolls of teleportation
 U - a scroll of butterflies {unknown}
 X - 7 scrolls of immolation
 Y - a scroll of torment {unknown}
Potions
 c - 4 potions of attraction {unknown}
 d - a potion of invisibility {unknown}
 h - 2 potions of haste
 m - 3 potions of magic
 r - 2 potions of berserk rage
 s - a potion of ambrosia {unknown}
 B - 3 potions of might {unknown}
 C - a potion of curing
 E - 4 potions of brilliance
 F - 2 potions of flight
 L - 5 potions of lignification
 M - a potion of cancellation {unknown}
 O - 2 potions of heal wounds {unknown}
 Q - 2 potions of degeneration {unknown}
 S - a potion of resistance


   Skills:
 - Level 10.0 Fighting
 - Level 15.0 Maces & Flails
 * Level 8.8 Ranged Weapons
 - Level 8.0 Armour
 - Level 2.0 Dodging
 - Level 6.0 Shields
 - Level 3.0 Spellcasting
 - Level 8.0 Ice Magic
 * Level 11.1 Invocations


You had 13 spell levels left.
You knew the following spells:

 Your Spells              Type           Power      Damage    Failure   Level
o - Ozocubu's Armour      Ice            35%        N/A       9%          3
r - Frozen Ramparts       Ice            70%        1d11      9%          3
z - Freeze                Ice            100%       1d10      3%          1

Your spell library contained the following spells:

 Spells                   Type           Power      Damage    Failure   Level
 Apportation              Tloc           6%         N/A       61%         1
 Beastly Appendage        Tmut           6%         N/A       61%         1
 Magic Dart               Conj           12%        1d3       61%         1
 Summon Small Mammal      Summ           12%        N/A       61%         1
 Call Imp                 Summ           6%         N/A       75%         2
 Wereblood                Tmut           3%         N/A       75%         2
 Summon Ice Beast         Ice/Summ       19%        N/A       83%         4
 Ignite Poison            Fire/Tmut/Pois 3%         N/A       93%         3
 Spider Form              Tmut/Pois      3%         N/A       93%         3
 Stone Arrow              Conj/Erth      6%         3d7       93%         3
 Animate Armour           Summ/Erth      6%         N/A       100%        4
 Sticky Flame             Conj/Fire      3%         2d3       100%        4
 Alistair's Intoxication  Tmut/Pois      2%         N/A       100%        5
 Ignition                 Fire           1%         3d3       100%        8
 Lehudib's Crystal Spear  Conj/Erth      1%         10d2      100%        8
 Necrotise                Necr           Unusable   1d4       N/A         1
 Mephitic Cloud           Conj/Pois/Air  Unusable   N/A       N/A         3
 Vampiric Draining        Necr           Unusable   2d6       N/A         3
 Agony                    Necr           Unusable   N/A       N/A         5

Dungeon Overview and Level Annotations

Branches:
Dungeon (15/15)            Temple (1/1) D:5            Lair (5/5) D:11
 Shoals (0/4) Lair:3        Snake (0/4) Lair:3        Slime (0/5) Lair:4
    Orc (0/2) D:11          Sewer (visited)
 Vaults: D:13-14     Depths: D:15

Altars:
Ashenzari
Cheibriados
Dithmenos
Elyvilon
Fedhas
Gozag
Hepliaklqana
Kikubaaqudgha
Makhleb
Nemelex Xobeh
Okawaru
Qazlal
Ru
Sif Muna
Trog
Uskayaw
Vehumet
Wu Jian
Xom
Yredelemnul
Zin
The Shining One
Jiyva

Shops:
D:7 (   D:9 (   D:12 *(

Annotations:
D:12 2 runed translucent doors, Linnx's ghost, journeyman MiFi
Lair:2 Snorg


Innate Abilities, Weirdness & Mutations

You cannot be hasted, slowed, berserked, paralysed or teleported.
You can dig through walls and to a lower floor.
You have a pair of large antennae on your head. (SInv)
You sometimes lose the ability to read scrolls when taking damage.
You cannot be stealthy.
You cannot study or use magical devices.
You cannot study or cast Air magic.
You cannot study or cast Hexes magic.
You cannot study or cast Necromancy magic.
You are somewhat unskilled. (-1 Apt)
Your four strong arms can wield two-handed weapons with a shield.


Message History

Fire: a) +6 shortbow "Mymaril" {drain, rC+ Will+ Dex+2}
Press: ? - help, Q - select action, (/) - cycle Shift-Dir - straight line, f/p - skeletal warrior
Aim: a skeletal warrior, wielding a +1 dire flail (75% to hit)
You shoot an arrow.
The arrow barely misses the skeletal warrior.
The arrow barely misses the skeletal warrior.
You block the skeletal warrior's attack.
Fire: a) +6 shortbow "Mymaril" {drain, rC+ Will+ Dex+2}
Press: ? - help, Q - select action, (/) - cycle Shift-Dir - straight line, f/p - skeletal warrior
Aim: a skeletal warrior, wielding a +1 dire flail (75% to hit)
You shoot an arrow. The arrow hits the skeletal warrior!
The skeletal warrior is almost destroyed.
The skeletal warrior hits you from afar with a +0 halberd!
You feel threatened and lose the ability to read scrolls!
Fire: a) +6 shortbow "Mymaril" {drain, rC+ Will+ Dex+2}
Press: ? - help, Q - select action, (/) - cycle Shift-Dir - straight line, f/p - skeletal warrior
Aim: a skeletal warrior, wielding a +1 dire flail (75% to hit)
You shoot an arrow. The arrow hits the skeletal warrior.
The skeletal warrior is almost destroyed.
You block the skeletal warrior's attack.
The skeletal warrior hits you from afar with a +0 halberd!!
* * * LOW HITPOINT WARNING * * *
Aiming: Upheaval
Press: ? - help, Dir - move target, f - skeletal warrior, p - skeletal warrior
Aim: a skeletal warrior, wielding a +0 flail Magma suddenly erupts from the ground!
The blast of magma engulfs the skeletal warrior!
The skeletal warrior is lightly damaged.
The blast of magma engulfs the skeletal warrior!!
You destroy the skeletal warrior!
Qazlal accepts your kill.
The storm surrounding you is now too weak to repel missiles.
You will no longer adapt resistances upon receiving elemental damage.
Your icy armour will break if you move.
Continue?
Okay, then.
Your icy armour will break if you move.
Continue?
Your icy armour cracks and falls away as you move.
There is an open door here.
Things that are here:
a +0 club; a +0 shortbow; a +2 scimitar of flaming
Okay, then.
There is an open door here.
You can read scrolls again.
There is an open door here.
There is an escape hatch in the ceiling here.
There is a stone staircase leading up here.
You are too injured to fight recklessly!
Fire: a) +6 shortbow "Mymaril" {drain, rC+ Will+ Dex+2}
Press: ? - help, Q - select action, (/) - cycle Shift-Dir - straight line, f/p - skeletal warrior
Aim: a skeletal warrior, wielding a +0 flail (75% to hit)
You shoot an arrow.
The arrow barely misses the skeletal warrior.
The arrow hits the skeletal warrior but does no damage.
Fire: a) +6 shortbow "Mymaril" {drain, rC+ Will+ Dex+2}
Press: ? - help, Q - select action, (/) - cycle Shift-Dir - straight line, f/p - skeletal warrior
Aim: a skeletal warrior, wielding a +0 flail (75% to hit)
You shoot an arrow.
The arrow closely misses the skeletal warrior.
Fire: a) +6 shortbow "Mymaril" {drain, rC+ Will+ Dex+2}
Press: ? - help, Q - select action, (/) - cycle Shift-Dir - straight line, f/p - skeletal warrior
Aim: a skeletal warrior, wielding a +0 flail (75% to hit)
You shoot an arrow.
The arrow hits the skeletal warrior but does no damage.
The skeletal warrior misses you.
You climb upwards.
Level annotation: 2 runed translucent doors, Linnx's ghost, journeyman MiFi
There is a stone staircase leading down here.
Casting: Ozocubu's Armour (mildly dangerous; 9% risk of failure)
Confirm with . or Enter, or press ? or * to list all spells.
A film of ice covers your body!
The skeletal warrior hits you with a +0 flail!!
You feel threatened and lose the ability to read scrolls!
Your hands tingle!
b - the +6 whip of Temperance (weapon)
{speed, rC+} You hit the skeletal warrior but do no damage.
You hit the skeletal warrior but do no damage.
The skeletal warrior hits you with a +0 flail!!
* * * LOW HITPOINT WARNING * * *
You closely miss the skeletal warrior. You closely miss the skeletal warrior.
Your icy armour will break if you move.
Continue?
Okay, then.
You hit the skeletal warrior but do no damage.
The skeletal warrior hits you with a +0 flail!!
* * * LOW HITPOINT WARNING * * *
Your icy armour will break if you move.
Continue?
The skeletal warrior attacks as you move away!
You block the skeletal warrior's attack.
Your icy armour cracks and falls away as you move.
You feel better.
The skeletal warrior is engulfed in freezing vapours.
The skeletal warrior hits you with a +0 flail!!
* * * LOW HITPOINT WARNING * * *
You feel better.
The skeletal warrior is engulfed in freezing vapours.
The skeletal warrior hits you with a +0 flail.
* * * LOW HITPOINT WARNING * * *
Are you sure you want to shaft yourself?
The skeletal warrior hits you with a +0 flail!!
You die...

..# ###.#####......# .##
##...# #......# ##
###..### ######## #...##
##'####### #########
######
#........#######........
.....#
#......°.#.......#######
.....#
#.....○z○'.#######
.....#####......@.###
.....#...'.......☼#
.......###........#
.....### #........#
###### #........# ##
##'####### .# #.# .#####
###'### .....# #.....#


You could see a skeletal warrior.

Vanquished Creatures
  Gastronok (Lair:1)
  3 hydras
  A boulder beetle (D:11)
  2 centaur warriors (D:13)
  3 two-headed ogres
  A dancing weapon (D:13)
  11 death yaks
  2 skysharks (Lair:5)
  A goliath frog (Lair:5)
  2 skeletal warriors (D:13)
  A wizard (D:14)
  A deep elf pyromancer (D:12)
  4 ugly things
  5 manticores
  Maurice (D:8)
  2 cyclopes
  17 elephants
  5 black mambas
  22 cane toads
  2 gargoyles (D:12)
  2 rime drakes
  2 efreet (D:13)
  8 komodo dragons
  2 kobold demonologists
  2 trolls
  2 polar bears (Lair:1)
  Prince Ribbit (Lair:3)
  A wind drake (Lair:3)
  A tyrant leech (Lair:5)
  2 hornets
  6 dream sheep (Lair:4)
  26 blink frogs
  A shadow (D:11)
  Sigmund (D:2)
  A vampire (D:10)
  2 wraiths (D:12)
  47 yaks
  2 basilisks
  6 wyverns
  10 vampire mosquitoes
  3 steam dragons
  An acid dragon (D:10)
  22 water moccasins
  2 ice beasts
  5 black bears
  3 orc warriors
  5 wolves (Lair:2)
  3 ogres
  8 centaurs
  A phantom (D:4)
  13 bullfrogs
  5 kobold brigands
  A gnoll sergeant (D:12)
  A water moccasin zombie (D:5)
  2 scorpions
  14 wights
  16 killer bees
  6 howler monkeys
  9 electric eels
  5 lava snakes
  A hound (D:6)
  A centaur zombie (D:5)
  4 orc priests
  2 gnoll boudas
  3 iron imps (D:3)
  A jelly (D:7)
  Ijyb (D:3)
  11 orc wizards
  7 hell rats
  19 gnolls
  9 adders
  4 river rats (Sewer)
  3 shadow imps
  2 white imps
  An ufetubus (D:5)
  2 worms
  A dart slug (D:2)
  43 orcs
  11 ball pythons
  10 endoplasms
  7 giant cockroaches
  9 goblins
  9 hobgoblins
  8 jackals
  4 quokkas
  5 bats
  2 frilled lizards
  29 kobolds
  9 rats
555 creatures vanquished.

Vanquished Creatures (others)
  A deep elf pyromancer (D:13)
  A wolf (Lair:2)
  A kobold (D:7)
3 creatures vanquished.

Grand Total: 558 creatures vanquished

Notes
Turn   | Place    | Note
-------+----------+-------------------------------------------
     0 | D:1      | browni3141 the Formicid Ice Elementalist began the quest
                  | for the Orb.
     0 | D:1      | Reached XP level 1. HP: 13/13 MP: 3/3
   379 | D:1      | Reached XP level 2. HP: 17/21 MP: 0/5
   529 | D:1      | Reached skill level 3 in Spellcasting
   659 | D:1      | Reached XP level 3. HP: 26/26 MP: 7/7
   862 | D:1      | Learned a level 3 spell: Frozen Ramparts
   866 | D:1      | Learned a level 3 spell: Ozocubu's Armour
   924 | D:1      | Found a faded altar of an unknown god.
  1027 | D:2      | Reached skill level 3 in Stealth
  1289 | D:2      | Reached XP level 4. HP: 24/32 MP: 5/8
  1343 | D:2      | Noticed Sigmund
  1406 | D:2      | Killed Sigmund
  1407 | D:2      | Reached skill level 6 in Ice Magic
  1407 | D:2      | Reached XP level 5. HP: 23/37 MP: 0/9
  1407 | D:2      | Reached XP level 6. HP: 27/43 MP: 0/10
  1622 | D:2      | Identified the +6 whip of Temperance {speed, rC+}
  1911 | D:3      | Found an ancient bone altar of Kikubaaqudgha.
  2131 | D:3      | Noticed a black bear
  2137 | D:3      | Killed a black bear
  2138 | D:3      | Reached XP level 7. HP: 47/51 MP: 4/11
  2352 | D:3      | Noticed Ijyb
  2369 | D:3      | Killed Ijyb
  2665 | D:3      | Found a burning altar of Makhleb.
  2699 | D:3      | Reached skill level 3 in Fighting
  2980 | D:4      | Found a sacrificial altar of Ru.
  3108 | D:4      | Became a worshipper of Ru the Awakened
  3487 | D:4      | Reached skill level 2 in Maces & Flails
  3487 | D:4      | Reached XP level 8. HP: 58/58 MP: 5/12
  3723 | D:5      | Entered Level 5 of the Dungeon
  3723 | D:5      | Found a snail-covered altar of Cheibriados.
  3830 | D:5      | Found a staircase to the Ecumenical Temple.
  3952 | D:5      | Gained mutation: You are somewhat unskilled. (-1 Apt) [Ru
                  | sacrifice]
  3952 | D:5      | Reached * piety under Ru
  4125 | D:5      | Reached skill level 3 in Maces & Flails
  4218 | D:5      | Found a basalt altar of Yredelemnul.
  4561 | D:5      | Reached skill level 3 in Stealth
  4574 | D:5      | Reached skill level 3 in Fighting
  4579 | D:5      | Reached skill level 4 in Maces & Flails
  4677 | D:5      | Found a glowing golden altar of the Shining One.
  5034 | D:6      | Found a glowing drain.
  5086 | Sewer    | Entered a sewer
  5290 | Sewer    | Reached skill level 5 in Maces & Flails
  5387 | D:6      | Reached XP level 9. HP: 60/60 MP: 13/13
  5895 | D:7      | Reached skill level 6 in Maces & Flails
  6103 | D:7      | Identified the +6 scale mail of Resourcefulness {Str+2
                  | SInv}
  6207 | D:7      | Found Vobikif's Antique Weapon Boutique.
  6226 | D:7      | Found a blossoming altar of Fedhas.
  6517 | D:7      | Reached skill level 7 in Maces & Flails
  6522 | D:7      | Gained mutation: You cannot study or use magical devices.
                  | [Ru sacrifice]
  6522 | D:7      | Reached ** piety under Ru
  6522 | D:7      | Reached *** piety under Ru
  6723 | D:7      | Noticed a hornet
  6736 | D:7      | Killed a hornet
  6737 | D:7      | Reached skill level 3 in Armour
  7225 | D:8      | Found a hide-covered altar of Uskayaw.
  7236 | D:8      | Found a hazy altar of Hepliaklqana.
  7301 | D:8      | Noticed a two-headed ogre
  7322 | D:8      | Killed a two-headed ogre
  7323 | D:8      | Reached skill level 8 in Maces & Flails
  7323 | D:8      | Reached XP level 10. HP: 64/70 MP: 8/14
  7409 | D:8      | Found a shimmering altar of Xom.
  7425 | D:8      | Noticed Maurice
  7444 | D:8      | Killed Maurice
  8033 | D:8      | Reached skill level 6 in Armour
  8305 | D:9      | Reached skill level 9 in Maces & Flails
  8369 | D:9      | Found a glowing silver altar of Zin.
  8391 | D:9      | Found a shimmering blue altar of Sif Muna.
  9091 | D:9      | Found Voenopse's Weapon Shop.
  9330 | D:9      | Gained mutation: You cannot be stealthy. [Ru sacrifice]
  9330 | D:9      | Reached **** piety under Ru
  9558 | D:10     | Entered Level 10 of the Dungeon
  9649 | D:10     | Found a radiant altar of Vehumet.
  9827 | D:10     | Reached XP level 11. HP: 68/75 MP: 15/15
  9958 | D:10     | Found an opulent altar of Gozag.
 10018 | D:10     | Found a broken altar of Ashenzari.
 10029 | D:10     | Reached skill level 10 in Maces & Flails
 10508 | D:10     | Found a white marble altar of Elyvilon.
 10775 | D:11     | Noticed a two-headed ogre
 10790 | D:11     | Killed a two-headed ogre
 10907 | D:11     | Noticed a cyan ugly thing
 10909 | D:11     | Reached skill level 11 in Maces & Flails
 10927 | D:11     | Reached skill level 6 in Fighting
 10931 | D:11     | Killed a cyan ugly thing
 11087 | D:11     | Noticed a boulder beetle
 11113 | D:11     | Killed a boulder beetle
 11282 | D:11     | Found a staircase to the Orcish Mines.
 11284 | D:11     | Noticed a red ugly thing
 11323 | D:11     | Killed a red ugly thing
 11636 | D:11     | Noticed a two-headed ogre
 11679 | D:11     | Killed a two-headed ogre
 11680 | D:11     | Reached skill level 12 in Maces & Flails
 11680 | D:11     | Reached XP level 12. HP: 74/91 MP: 3/16
 11864 | D:11     | Found a staircase to the Lair.
 12068 | D:11     | Found a sparkling altar of Nemelex Xobeh.
 12517 | Lair:1   | Entered Level 1 of the Lair of Beasts
 12683 | Lair:1   | Reached skill level 3 in Shields
 12906 | Lair:1   | Noticed Gastronok
 12921 | Lair:1   | Gained mutation: You cannot study or cast Air magic. [Ru
                  | sacrifice]
 12921 | Lair:1   | Gained mutation: You cannot study or cast Hexes magic. [Ru
                  | sacrifice]
 12921 | Lair:1   | Gained mutation: You cannot study or cast Necromancy magic.
                  | [Ru sacrifice]
 12921 | Lair:1   | Reached ***** piety under Ru
 13420 | Lair:1   | Reached skill level 13 in Maces & Flails
 14468 | Lair:2   | Reached XP level 13. HP: 52/100 MP: 1/17
 15133 | Lair:3   | Noticed a seven-headed hydra
 15133 | Lair:3   | Noticed Prince Ribbit
 15135 | Lair:3   | Reached skill level 9 in Fighting
 15138 | Lair:3   | Killed a seven-headed hydra
 15139 | Lair:3   | Reached skill level 14 in Maces & Flails
 15145 | Lair:3   | Killed Prince Ribbit
 15416 | Lair:3   | Noticed Snorg
 15552 | Lair:3   | Gained mutation: You occasionally lose the ability to read
                  | scrolls when taking damage. [Ru sacrifice]
 15552 | Lair:3   | Gained mutation: You sometimes lose the ability to read
                  | scrolls when taking damage. [Ru sacrifice]
 15552 | Lair:3   | Reached ****** piety under Ru
 15789 | Temple   | Entered the Ecumenical Temple
 15809 | Temple   | Fell from the grace of Ru
 15809 | Temple   | Became a worshipper of Qazlal Stormbringer
 16208 | Lair:3   | Noticed a five-headed hydra
 16504 | D:12     | Found a large runed translucent door.
 16504 | D:12     | Found a large runed translucent door.
 16507 | D:12     | Noticed Linnx's ghost (journeyman MiFi)
 16834 | D:12     | Reached skill level 3 in Invocations
 17172 | D:12     | Found Cityum's Antique Weapon Emporium.
 17179 | D:12     | Found Beyfuedu's General Store.
 17183 | D:12     | Bought an ichor-stained shortbow for 192 gold pieces
 17183 | D:12     | Identified the +6 shortbow "Mymaril" {drain, rC+ Will+
                  | Dex+2} (You bought it in a shop on level 12 of the Dungeon)
 17188 | D:12     | Bought a scroll of identify for 30 gold pieces
 17188 | D:12     | Bought a scroll of poison for 60 gold pieces
 17377 | D:12     | Found a bloodstained altar of Trog.
 17679 | D:12     | Reached * piety under Qazlal
 18099 | D:13     | Noticed a centaur warrior
 18123 | D:13     | Killed a centaur warrior
 18124 | D:13     | Reached skill level 3 in Spellcasting
 18746 | D:13     | Noticed a centaur warrior
 18764 | D:13     | Killed a centaur warrior
 18880 | D:13     | You fall into a shaft and drop 2 floors!
 18880 | D:15     | Entered Level 15 of the Dungeon
 19377 | D:14     | Reached skill level 6 in Shields
 19377 | D:14     | Reached XP level 14. HP: 87/110 MP: 18/18
 19728 | Lair:1   | Killed Gastronok
 19932 | Lair:3   | Reached skill level 15 in Maces & Flails
 19936 | Lair:3   | Reached skill level 3 in Ranged Weapons
 20096 | Lair:2   | You fall into a shaft and drop 2 floors!
 20259 | Lair:4   | Reached ** piety under Qazlal
 20260 | Lair:4   | Reached skill level 6 in Invocations
 20738 | Lair:4   | Found a viscous altar of Jiyva.
 20738 | Lair:4   | Found a staircase to the Slime Pits.
 21360 | Lair:3   | You fall into a shaft and drop 1 floor!
 21423 | Lair:4   | You fall into a shaft and drop 1 floor!
 21423 | Lair:5   | Entered Level 5 of the Lair of Beasts
 21511 | Lair:5   | Reached *** piety under Qazlal
 21661 | Lair:5   | Reached skill level 6 in Ranged Weapons
 21748 | Lair:5   | Reached XP level 15. HP: 113/115 MP: 13/21
 21810 | Lair:5   | Reached skill level 9 in Invocations
 21899 | Lair:5   | Reached **** piety under Qazlal
 22362 | Lair:5   | Identified the amulet "Puitteucw" {+Inv Regen+ rCorr Str-3}
 22398 | Lair:5   | Identified the +1 robe "Tiruoqebum" {rF+}
 22921 | Lair:3   | Found a staircase to the Shoals.
 22942 | Lair:3   | Found a staircase to the Snake Pit.
 23760 | D:12     | Slain by a skeletal warrior

Illustrated notes

Levels and vault maps discovered:
D:1:      lightli_arrival_farm, layout_basic, shapermc_ecumenical_altar_petra,
          eino_curves_01
D:2:      layout_rooms, uniq_sigmund
D:3:      layout_basic, nicolae_kikubaaqudgha_miasma_corner, demons_altar,
          uniq_ijyb
D:4:      layout_gridville, kennysheep_little_box
D:5:      layout_gridville, lemuel_zombie_altar_yredelemnul,
          nicolae_tso_swordbearing_angel, cheibriados_altar_1, temple_pool_b,
          nicolae_titane
D:6:      layout_gridville, portal_sewer_entry_f
D:7:      layout_cave_pods, fedhas_bush_and_centaur_altar, serial_shops,
          nicolae_shop_just_a_little_nook, st_stairs_1
D:8:      layout_basic, lemuel_tele_altar, kennysheep_mini,
          lemuel_crystal_altar, chequers_serial_rivers_micro_c, uniq_maurice
D:9:      layout_irregular_city, zin_scriptorium, nicolae_sif_muna_condensation,
          serial_shops, shop, kennysheep_generic_room_11
D:10:     layout_roguey, mainiacjoe_overflow_concentric_impassable,
          old_standard_altar, mainiacjoe_overflow_catch_the_wave
D:11:     layout_loops_ring, due_lair_maze_entry_diamond, orc_0_dummy,
          nemelex_lonely_heart_becter
D:12:     layout_roguey, ebering_ghost_disaster_area, drop_trap, st_stairs_13,
          nicolae_wooded_promenade, trog_hazing_becter
D:13:     layout_roguey, erik_vaults_1
D:14:     layout_rooms, minmay_misc_feat_x, minmay_misc_feat_room, uniq_louise
D:15:     grunt_enter_depths_magical_seal, layout_basic, glass_columns_b
Temple:   hellmonk_temple_rainy
Lair:1:   layout_chaotic_city, gammafunk_lair_bear_cave, lemuel_fruit_fields,
          uniq_gastronok
Lair:2:   layout_gridlike, chequers_serial_rivers_micro_b, lemuel_old_faithful,
          grunt_megastairs_5, lemuel_fruit_tree
Lair:3:   layout_roguey, minmay_shoals_entry_beasts,
          minmay_snake_entry_six_corridors, infiniplex_staircase_pool_2,
          uniq_prince_ribbit2, uniq_snorg
Lair:4:   layout_long_grid, slime_entry_1, nicolae_lair_liquid_snakes,
          grunt_megastairs_1
Lair:5:   minmay_lair_end_frog_pond, layout_cellular_growth,
          infiniplex_staircase_pool

Skill      XL: |  1  2  3  4  5  6  7  8  9 10 11 12 13 14 15 |
---------------+----------------------------------------------+-----
Fighting       | 1 2 3 3 4 7 8 10 | 10.0
Spellcasting   | 3 2 3 |  3.0
Dodging        | 2 2 |  2.0
Stealth        | 3 3 0 |  0.0
Ice Magic      | 6 7 8 7 8 |  8.0
Maces & Flails | 2 5 8 9 12 13 14 15 | 15.0
Armour         | 4 6 8 |  8.0
Shields        | 5 6 |  6.0
Invocations    | 4 8 11 | 11.1
Ranged Weapons | 2 6 8 |  8.8

Action                     |  1- 3 |  4- 6 |  7- 9 | 10-12 | 13-15 || total
---------------------------+-------+-------+-------+-------+-------++-------
  Melee: Dagger            |    33 |    19 |       |       |       ||    52
         Unarmed           |     1 |       |       |       |       ||     1
         Whip              |       |    26 |   382 |   822 |   538 ||  1768
         Punch             |       |     1 |     6 |    10 |       ||    17
   Fire: Shortbow          |       |       |       |       |   697 ||   697
  Throw: Dart              |       |       |     5 |    35 |     3 ||    43
   Cast: Freeze            |    36 |     6 |     5 |       |       ||    47
         Frozen Ramparts   |       |     5 |    18 |    42 |    54 ||   119
         Ozocubu's Armour  |       |     1 |    13 |    24 |    30 ||    68
 Invoke: Sacrifice Skill   |       |       |     1 |       |       ||     1
         Sacrifice Artific |       |       |     1 |       |       ||     1
         Sacrifice Stealth |       |       |       |     1 |       ||     1
         Power Leap        |       |       |       |     4 |       ||     4
         Draw Out Power    |       |       |       |     2 |       ||     2
         Sacrifice Arcana  |       |       |       |     1 |       ||     1
         Apocalypse        |       |       |       |       |     1 ||     1
         Sacrifice Words   |       |       |       |       |     1 ||     1
         Upheaval          |       |       |       |       |     3 ||     3
Ability: Dig               |       |     1 |       |     6 |     4 ||    11
         Shaft Self        |       |       |       |       |     5 ||     5
    Use: Scroll            |       |       |     7 |     1 |    10 ||    18
         Potion            |       |       |     2 |       |     4 ||     6
   Stab: Sleeping          |     3 |     5 |     3 |       |       ||    11
         Invisible         |       |       |       |     3 |       ||     3
         Paralysed         |       |       |       |     3 |     2 ||     5
         Distracted        |       |       |       |       |     1 ||     1
 Armour: Robe              |    14 |     4 |    39 |       |       ||    57
         Scale mail        |       |       |    28 |   218 |   291 ||   537
  Dodge: Dodged            |    49 |    25 |   185 |   177 |   270 ||   706
  Block: Buckler           |       |       |       |    39 |   296 ||   335
